BSA
MAUI TROPICS @ SEATTLE PIKES
10/01/2027
 
TOP OF THE 1ST
Maui Tropics batting - Pitching for Seattle Pikes : RHP António Rijo
Pitching: RHP António Rijo
Batting: LHB Mario Olivares 0-0: Ball
1-0: Ball
2-0: Called Strike
2-1: Ball
3-1: Fly out, F7 (Flyball, 7S)
Batting: RHB Matt Silver 0-0: Swinging Strike
0-1: Foul Ball, location: 2F
0-2: Ball
1-2: Foul Ball, location: 2F
1-2: Fly out, F8 (Flyball, 8RS)
Batting: LHB Luis Antonio Torres 0-0: Ball
1-0: Ball
2-0: Fly out, F7 (Flyball, 7)
Top of the 1st over - 0 run(s), 0 hit(s), 0 error(s), 0 left on base; Maui 0 - Seattle 0
BOTTOM OF THE 1ST
Seattle Pikes batting - Pitching for Maui Tropics : RHP Ronald Cotton
Pitching: RHP Ronald Cotton
Batting: LHB Eduardo Gómez 0-0: Ball
1-0: Foul Ball, location: 2F
1-1: Foul Ball, location: 2F
1-2: Ball
2-2: Foul Ball, location: 2F
2-2: Ball
3-2: Strikes out swinging
Batting: RHB Iván Gonzáles 0-0: Ball
1-0: Ground out 1-3 (Groundball, 13)
Batting: LHB Roberto Lozano 0-0: Called Strike
0-1: Swinging Strike
0-2: Ball
1-2: Ball
2-2: SINGLE (Groundball, 6D)
Batting: RHB António Ortega 0-0: Called Strike
Roberto Lozano is caught stealing 2nd base
Bottom of the 1st over - 0 run(s), 1 hit(s), 0 error(s), 0 left on base; Maui 0 - Seattle 0
TOP OF THE 2ND
Maui Tropics batting - Pitching for Seattle Pikes : RHP António Rijo
Batting: RHB Luis Alou 0-0: Ball
1-0: Called Strike
1-1: Foul Ball, location: 2F
1-2: Ball
2-2: Fly out, F9 (Flyball, 9LMF)
Batting: LHB José Rivas 0-0: Foul Ball, location: 2F
0-1: Ball
1-1: Called Strike
1-2: Strikes out swinging
Batting: RHB José Herrera 0-0: Ball
1-0: Swinging Strike
1-1: Foul Ball, location: 2F
1-2: Strikes out swinging
Top of the 2nd over - 0 run(s), 0 hit(s), 0 error(s), 0 left on base; Maui 0 - Seattle 0
BOTTOM OF THE 2ND
Seattle Pikes batting - Pitching for Maui Tropics : RHP Ronald Cotton
Batting: RHB António Ortega 0-0: Ball
1-0: Called Strike
1-1: Swinging Strike
1-2: Strikes out swinging
Batting: LHB Richard Hunter 0-0: Called Strike
0-1: Fly out, F9 (Flyball, 89S)
Batting: RHB Wallace Greene 0-0: Ball
1-0: Ball
2-0: Ball
3-0: Base on Balls
Batting: SHB António Hernández 0-0: Ball
1-0: Ball
2-0: Swinging Strike
2-1: Ball
3-1: Base on Balls
Wallace Greene to second
Batting: RHB Manuel Rico 0-0: Called Strike
0-1: Ball
1-1: Fly out, F7 (Flyball, 78D)
Bottom of the 2nd over - 0 run(s), 0 hit(s), 0 error(s), 2 left on base; Maui 0 - Seattle 0
TOP OF THE 3RD
Maui Tropics batting - Pitching for Seattle Pikes : RHP António Rijo
Batting: LHB Anacleto Morillo 0-0: Called Strike
0-1: SINGLE (Groundball, 56D)
Batting: RHB Ximena Campos 0-0: Called Strike
0-1: Ball
1-1: Ball
2-1: Foul Ball, location: 2F
2-2: Ball
3-2: Strikes out swinging
Batting: RHB John Brown 0-0: Called Strike
0-1: Foul Ball, location: 2F
0-2: Ball
1-2: Foul Ball, location: 2F
1-2: Ball
2-2: Ball
3-2: Foul Ball, location: 2F
3-2: Fly out, F6 (Flyball, 56D)
Batting: LHB Mario Olivares 0-0: Called Strike
0-1: Ball
1-1: Fly out, F4 (Popup, 4MD)
Top of the 3rd over - 0 run(s), 1 hit(s), 0 error(s), 1 left on base; Maui 0 - Seattle 0
BOTTOM OF THE 3RD
Seattle Pikes batting - Pitching for Maui Tropics : RHP Ronald Cotton
Batting: LHB Don Soper 0-0: Ball
1-0: Foul Ball, location: 2F
1-1: Swinging Strike
1-2: Ball
2-2: Strikes out swinging
Batting: LHB Eduardo Gómez 0-0: Called Strike
0-1: Ball
1-1: Ball
2-1: Called Strike
2-2: Ground out 4-3 (Groundball, 34)
Batting: RHB Iván Gonzáles 0-0: Ball
1-0: Ball
2-0: Fly out, F9 (Flyball, 89S)
Bottom of the 3rd over - 0 run(s), 0 hit(s), 0 error(s), 0 left on base; Maui 0 - Seattle 0
TOP OF THE 4TH
Maui Tropics batting - Pitching for Seattle Pikes : RHP António Rijo
Batting: RHB Matt Silver 0-0: Ground out 6-3 (Groundball, 6)
Batting: LHB Luis Antonio Torres 0-0: Ball
1-0: Swinging Strike
1-1: Foul Ball, location: 2F
1-2: Strikes out swinging
Batting: RHB Luis Alou 0-0: Called Strike
0-1: TRIPLE (Line Drive, 8RD)
Batting: LHB José Rivas 0-0: Foul Ball, location: 2F
0-1: Ball
1-1: Ball
2-1: Ground out 1-3 (Groundball, P)
Top of the 4th over - 0 run(s), 1 hit(s), 0 error(s), 1 left on base; Maui 0 - Seattle 0
BOTTOM OF THE 4TH
Seattle Pikes batting - Pitching for Maui Tropics : RHP Ronald Cotton
Batting: LHB Roberto Lozano 0-0: Called Strike
0-1: Ball
1-1: Swinging Strike
1-2: Ball
2-2: Strikes out swinging
Batting: RHB António Ortega 0-0: Ball
1-0: Swinging Strike
1-1: Swinging Strike
1-2: Ball
2-2: Foul Ball, location: 2F
2-2: Ball
3-2: Strikes out swinging
Batting: LHB Richard Hunter 0-0: Reached on error, E3 (Groundball, 34)
Batting: RHB Wallace Greene 0-0: Swinging Strike
0-1: Ground out 6-3 (Groundball, 6)
Bottom of the 4th over - 0 run(s), 0 hit(s), 1 error(s), 1 left on base; Maui 0 - Seattle 0
TOP OF THE 5TH
Maui Tropics batting - Pitching for Seattle Pikes : RHP António Rijo
Batting: RHB José Herrera 0-0: Ball
1-0: Swinging Strike
1-1: Called Strike
1-2: Ground out 6-3 (Groundball, 56D)
Batting: LHB Anacleto Morillo 0-0: Ball
1-0: Ball
2-0: Called Strike
2-1: Called Strike
2-2: Foul Ball, location: 2F
2-2: Strikes out swinging
Batting: RHB Ximena Campos 0-0: Foul Ball, location: 2F
0-1: Ball
1-1: Ball
2-1: DOUBLE (Flyball, 8RD)
Batting: RHB John Brown 0-0: Called Strike
0-1: Ball
1-1: Ball
2-1: Swinging Strike
2-2: Foul Ball, location: 2F
2-2: Strikes out swinging
Top of the 5th over - 0 run(s), 1 hit(s), 0 error(s), 1 left on base; Maui 0 - Seattle 0
BOTTOM OF THE 5TH
Seattle Pikes batting - Pitching for Maui Tropics : RHP Ronald Cotton
Batting: SHB António Hernández 0-0: Fly out, F8 (Flyball, 78S)
Batting: RHB Manuel Rico 0-0: Ball
1-0: Called Strike
1-1: Ball
2-1: Foul Ball, location: 2F
2-2: Ball
3-2: Foul Ball, location: 2F
3-2: Foul Ball, location: 2F
3-2: Fly out, F7 (Flyball, 7S)
Batting: LHB Don Soper 0-0: Foul Ball, location: 2F
0-1: Ground out 4-3 (Groundball, 4)
Bottom of the 5th over - 0 run(s), 0 hit(s), 0 error(s), 0 left on base; Maui 0 - Seattle 0
TOP OF THE 6TH
Maui Tropics batting - Pitching for Seattle Pikes : RHP António Rijo
Batting: LHB Mario Olivares 0-0: Ground out 4-3 (Groundball, 4S)
Batting: RHB Matt Silver 0-0: Swinging Strike
0-1: Ball
1-1: Foul Ball, location: 2F
1-2: Strikes out looking
Batting: LHB Luis Antonio Torres 0-0: Ball
1-0: Ball
2-0: Called Strike
2-1: Foul Ball, location: 2F
2-2: Fly out, F7 (Flyball, 7)
Top of the 6th over - 0 run(s), 0 hit(s), 0 error(s), 0 left on base; Maui 0 - Seattle 0
BOTTOM OF THE 6TH
Seattle Pikes batting - Pitching for Maui Tropics : RHP Ronald Cotton
Batting: LHB Eduardo Gómez 0-0: Ball
1-0: Called Strike
1-1: Swinging Strike
1-2: Strikes out looking
Batting: RHB Iván Gonzáles 0-0: Ball
1-0: Ball
2-0: Called Strike
2-1: Ball
3-1: Swinging Strike
3-2: Base on Balls
Batting: LHB Roberto Lozano 0-0: Ball
1-0: Ball
2-0: Called Strike
2-1: Ball
3-1: DOUBLE (Line Drive, 7LD)
Iván Gonzáles to third
Batting: RHB António Ortega 0-0: Swinging Strike
0-1: SINGLE (Groundball, 4D)
Iván Gonzáles scores
Roberto Lozano to third
Runner from 3rd tries for Home, SAFE, no throw
Batting: LHB Richard Hunter 0-0: Foul Ball, location: 2F
0-1: Grounds into double play, 6-4-3 (Groundball, 6)
Bottom of the 6th over - 2 run(s), 2 hit(s), 0 error(s), 0 left on base; Maui 0 - Seattle 2
TOP OF THE 7TH
Maui Tropics batting - Pitching for Seattle Pikes : RHP António Rijo
Batting: RHB Luis Alou 0-0: Ball
1-0: Called Strike
1-1: SINGLE (Groundball, 56D)
Batting: LHB José Rivas 0-0: Called Strike
0-1: Ball
1-1: Called Strike
1-2: Fly out, F3 (Line Drive, 3S)
Lined into DP, U3 (Line Drive, 3S)
Batting: RHB José Herrera 0-0: Called Strike
0-1: Ball
1-1: Foul Ball, location: 2F
1-2: Ball
2-2: Fly out, F7 (Flyball, 78D)
Top of the 7th over - 0 run(s), 1 hit(s), 0 error(s), 0 left on base; Maui 0 - Seattle 2
BOTTOM OF THE 7TH
Seattle Pikes batting - Pitching for Maui Tropics : RHP Ronald Cotton
Batting: RHB Wallace Greene 0-0: Ball
1-0: Swinging Strike
1-1: Ground out 5-3 (Groundball, 56)
Batting: SHB António Hernández 0-0: Ball
1-0: Called Strike
1-1: Ball
2-1: Foul Ball, location: 2F
2-2: SINGLE (Line Drive, 6MD)
Batting: RHB Manuel Rico 0-0: Ball
1-0: Fly out, F7 (Line Drive, 78D)
Batting: LHB Don Soper 0-0: Called Strike
0-1: Swinging Strike
0-2: Fly out, F7 (Flyball, 78M)
Bottom of the 7th over - 0 run(s), 1 hit(s), 0 error(s), 1 left on base; Maui 0 - Seattle 2
TOP OF THE 8TH
Maui Tropics batting - Pitching for Seattle Pikes : RHP António Rijo
Batting: LHB Anacleto Morillo 0-0: Ball
1-0: Ground out 3-1 (Groundball, 34)
Batting: RHB Ximena Campos 0-0: Ball
1-0: Foul Ball, location: 2F
1-1: Called Strike
1-2: Foul Ball, location: 2F
1-2: Ball
2-2: Foul Ball, location: 2F
2-2: Foul Ball, location: 2F
2-2: Ball
3-2: Fly out, F4 (Line Drive, 4)
Batting: RHB John Brown 0-0: DOUBLE (Flyball, 78XD)
Pitching: LHP Manny Sandoval
Batting: LHB Mario Olivares 0-0: Swinging Strike
0-1: Swinging Strike
0-2: Strikes out swinging
Top of the 8th over - 0 run(s), 1 hit(s), 0 error(s), 1 left on base; Maui 0 - Seattle 2
BOTTOM OF THE 8TH
Seattle Pikes batting - Pitching for Maui Tropics : RHP Ronald Cotton
Batting: LHB Eduardo Gómez 0-0: Ground out 4-3 (Groundball, 4)
Batting: RHB Iván Gonzáles 0-0: Ball
1-0: Ground out U3 (Groundball, 34S)
Batting: LHB Roberto Lozano 0-0: Ball
1-0: Called Strike
1-1: Ball
2-1: Swinging Strike
2-2: Ball
3-2: Foul Ball, location: 2F
3-2: Base on Balls
Batting: RHB António Ortega Pickoff Throw to First - Error! E1
Roberto Lozano to second
0-0: Called Strike
0-1: Ball
1-1: Ball
Roberto Lozano steals 3rd base
2-1: Ball
3-1: Fly out, F7 (Line Drive, 7D)
Bottom of the 8th over - 0 run(s), 0 hit(s), 1 error(s), 1 left on base; Maui 0 - Seattle 2
TOP OF THE 9TH
Maui Tropics batting - Pitching for Seattle Pikes : LHP Manny Sandoval
Pitching: LHP Cristián Escobar
Batting: RHB Matt Silver 0-0: Ground out 6-3 (Groundball, 6)
Batting: LHB Luis Antonio Torres 0-0: Called Strike
0-1: Ball
1-1: Called Strike
1-2: Strikes out looking
Batting: RHB Luis Alou 0-0: Ball
1-0: Fly out, F8 (Line Drive, 8LM)
Top of the 9th over - 0 run(s), 0 hit(s), 0 error(s), 0 left on base; Maui 0 - Seattle 2
Thursday, March 30th, 2017 - OOTP Baseball 17.12 Build 75